 Dungeon Crawl Stone Soup version 0.24-a0-184-gcb5ae2c (webtiles) character file.

Game seed: 9204329123743017276

135 Dfrag the Firebug (level 4, -4/30 HPs)
             Began as a Demonspawn Fire Elementalist on Mar 15, 2019.
             Hit by a stone thrown by a gnoll (5 damage)
             ... on level 4 of the Dungeon.
             The game lasted 00:03:28 (2272 turns).

Dfrag the Firebug (Demonspawn Fire Elementalist)    Turns: 2272, Time: 00:03:28

Health: -4/30      AC:  3    Str:  8    XL:     4   Next: 96%
Magic:  4/8        EV: 12    Int: 17    God:
Gold:   168        SH:  0    Dex: 14    Spells: 1/9 levels left

rFire    + . .     SeeInvis .   r - +0 hand axe (elec)
rCold    . . .     Gourm    .   (no shield)
rNeg     . . .     Faith    .   a - +0 robe
rPois    .         Spirit   .   p - +1 hat
rElec    .         Reflect  .   (no cloak)
rCorr    .         Harm     .   (no gloves)
MR       .....                  (no boots)
Stlth    ++........             (no amulet)
HPRegen  0.10/turn              (no ring)
MPRegen  0.11/turn              (no ring)

@: no status effects
A: demonic guardian 1, fire resistance 1
a: no special abilities


You were on level 4 of the Dungeon.
You were not hungry.

You visited 1 branch of the dungeon, and saw 4 of its levels.

You collected 168 gold pieces.

Inventory:

Hand Weapons
 h - a +0 short sword
 r - a +0 hand axe of electrocution (weapon)
Armour
 a - a +0 robe (worn)
 g - a +0 helmet
 p - a +1 hat (worn)
Scrolls
 b - a scroll of teleportation {unknown}
 d - 2 scrolls of enchant weapon {unknown}
 e - 2 scrolls of remove curse {unknown}
 f - 3 scrolls of identify {unknown}
 j - a scroll of immolation {unknown}
 k - 2 scrolls of magic mapping {unknown}
 n - a scroll of enchant armour {unknown}
Potions
 i - a potion of lignification {unknown}
 l - a potion of haste {unknown}
 m - a potion of heal wounds {unknown}
 o - a potion of degeneration {unknown}
 q - 2 potions of curing {unknown}
Comestibles
 c - 4 rations


   Skills:
 - Level 1.7 Dodging
 - Level 1.7 Stealth
 + Level 3.2 Spellcasting
 + Level 2.8 Conjurations
 + Level 3.6 Fire Magic


You had one spell level left.
You knew the following spells:

 Your Spells              Type           Power        Failure   Level  Hunger
a - Flame Tongue          Conj/Fire      ##...        4%          1    None
b - Conjure Flame         Conj/Fire      ##......     14%         3    ###....
c - Sticky Flame          Conj/Fire      ##......     41%         4    ####...

Your spell library contained the following spells:

 Spells                   Type           Power        Failure   Level  Hunger
 Throw Flame              Conj/Fire      ##....       7%          2    ##.....
 Inner Flame              Hex/Fire       #.......     24%         3    ###....
 Fireball                 Conj/Fire      ##........   77%         5    ######.


Dungeon Overview and Level Annotations

Branches:
Dungeon (4/15)
 Temple: D:4-7

Altars:
Elyvilon

Annotations:
D:2 2 transporters


Innate Abilities, Weirdness & Mutations

A weak demonic guardian rushes to your aid.
Your flesh is heat resistant. (rF+)


Message History

The gnoll throws a stone.
The stone barely misses you. The gnoll shaman misses your quasit.
You see here a stone.
Unknown command.
The gnoll throws a stone.
The stone hits you.
* * * LOW HITPOINT WARNING * * *
The gnoll completely misses your quasit.
Your quasit bites the gnoll but does no damage.
Your quasit claws the gnoll but does no damage.
Your quasit claws the gnoll.
The gnoll shaman calls upon its god to heal the gnoll.
The gnoll's wounds heal themselves!
You see here 2 stones.
The gnoll throws a stone.
The stone hits you!
* * * LOW HITPOINT WARNING * * *
Your quasit completely misses the gnoll.
Your quasit claws the gnoll.
Your quasit closely misses the gnoll.
The gnoll barely misses your quasit.
The gnoll throws a stone.
The stone hits you.
You die...

## ### ..
##########.....
.###.. #.......g...#
......##((()..5g...#
#....@####..g##....
#..##.# ##..# .##
#.. #.# #..# #..##.#
##.# #.....# .#
#...####### >.
#.......... ..
####....######
#.......#..<#


You could see 2 gnolls and a friendly quasit.

Vanquished Creatures
  2 gnolls (D:4)
  3 adders (D:2)
  A worm (D:2)
  2 leopard geckos (D:2)
  8 orcs (D:3)
  A ball python (D:3)
  3 bats (D:2)
  3 giant cockroaches
  5 goblins
  6 hobgoblins
  3 jackals (D:2)
  A quokka (D:3)
  4 frilled lizards
  A jackal skeleton (D:4)
  4 kobolds
  9 rats
56 creatures vanquished.

Vanquished Creatures (collateral kills)
  A crimson imp (D:3)
1 creature vanquished.

Grand Total: 57 creatures vanquished

Notes
Turn   | Place    | Note
-------+----------+-------------------------------------------
     0 | D:1      | Dfrag the Demonspawn Fire Elementalist began the quest for
                  | the Orb.
     0 | D:1      | Reached XP level 1. HP: 13/13 MP: 3/3
   145 | D:1      | Gained mutation: A weak demonic guardian rushes to your
                  | aid. [demonic ancestry]
   145 | D:1      | Reached XP level 2. HP: 12/19 MP: 0/5
   874 | D:3      | Reached XP level 3. HP: 8/24 MP: 0/6
  1105 | D:3      | HP: 1/24 [orc/cursed -3 whip (4)]
  1623 | D:2      | Gained mutation: Your flesh is heat resistant. (rF+)
                  | [demonic ancestry]
  1623 | D:2      | Reached XP level 4. HP: 26/30 MP: 4/8
  1631 | D:2      | Learned a level 3 spell: Conjure Flame
  1636 | D:2      | Learned a level 4 spell: Sticky Flame
  1762 | D:2      | Found a white marble altar of Elyvilon.
  1762 | D:2      | Noticed a wyvern
  1763 | D:2      | Found a transporter.
  1763 | D:2      | Noticed an ice beast
  1794 | D:2      | Found a transporter.
  2272 | D:4      | HP: 1/30 [gnoll/stone (9)]
  2272 | D:4      | Hit by a stone thrown by a gnoll

Levels and vault maps discovered:
D:1:      tarquinn_simple_flora_water_e, layout_rooms
D:2:      layout_rooms, gammafunk_temple_overflow_arena,
          wander_ebering_terrifying_dragon_lair
D:3:      layout_loops_corners, first_ration
D:4:      cheibrodos_thug_alley, layout_basic, dancing_weapons_uskayaw,
          minmay_temple_entry_drinking_statues, uniq_duvessa,
          uniq_crazy_yiuf_cottage

Skill      XL: |  1  2  3  4 |
---------------+-------------+-----
Fire Magic     | 3 |  3.6
Conjurations   | 2 |  2.8
Spellcasting   | 3 |  3.2
Dodging        | |  1.7
Stealth        | |  1.7

Action                   |  1- 3 |  4- 6 || total
-------------------------+-------+-------++-------
Melee: Unarmed           |    19 |       ||    19
       Short sword       |    37 |     8 ||    45
       Hand axe          |       |     4 ||     4
 Cast: Flame Tongue      |    43 |    35 ||    78
  Eat: Chunk             |     3 |     2 ||     5
Armor: Robe              |    12 |     7 ||    19
Dodge: Dodged            |    44 |    17 ||    61

Table legend:
 A = Non-vault XP
 B = Vault XP
 C = Vault XP percentage of total XP
 D = Non-vault monster count
 E = Vault monster count
 F = Vault count percentage of total count
                 A         B        C        D         E       F
            +---------+---------+-------+---------+---------+-------
      Total |     190 |       3 |   1.6 |      56 |       1 |   1.8
            +---------+---------+-------+---------+---------+-------
        D:1 |      16 |       0 |   0.0 |      10 |       0 |   0.0
        D:2 |      75 |       3 |   3.8 |      21 |       1 |   4.5
        D:3 |      72 |       0 |   0.0 |      22 |       0 |   0.0
        D:4 |      27 |       0 |   0.0 |       3 |       0 |   0.0
            +---------+---------+-------+---------+---------+-------
